AoeStats
← EduAguirre

Arena

509736672Analyzed
1v1 RM · 4d ago on Sep 27, 2026· 48m 15s· 2 players
Game mode
Random Map
Map size
Tiny (2 player)
Population
200
Speed
Normal
Resources
Standard
Victory
Conquest
Starting age
Dark Age
Ending age
Imperial Age
RankedLock teamsTeams togetherTeam positionsShared explorationLock speedFull tech treeHidden civsTurbo modeCheats
Victory
Defeat
🇪🇨 Turks · Ecuador
1034
+18
🇪🇸 Spanish · Spain
1071
-18
basmarti88
11:59 Feudal Age
10:15 Loom
16:22 Castle Age
14:38 Double-Bit Axe
16:00 Fletching
16:11 Padded Archer Armor
16:28 Elite Skirmisher
18:48 Sanctity
18:29 Horse Collar
19:28 Gold Mining
25:35 Imperial Age
25:00 Redemption
25:15 Leather Archer Armor
27:02 Block Printing
27:23 Theocracy
26:48 Town Watch
28:55 Bodkin Arrow
29:38 Stone Mining
30:15 Thumb Ring
34:06 Wheelbarrow
34:41 Chemistry
37:16 Scale Barding Armor
37:22 Forging
37:25 Inquisition
36:49 Cavalier
37:41 Bloodlines
37:32 Husbandry
37:40 Husbandry
38:03 Bow Saw
38:24 Masonry
38:48 Bloodlines
38:26 Paladin
40:51 Chain Barding Armor
40:46 Heavy Plow
43:18 Hand Cart
43:42 Ballistics
43:52 Architecture
44:22 Iron Casting
44:22 Plate Barding Armor
44:18 Ring Archer Armor
44:04 Herbal Medicine
44:35 Illumination
48:05 Blast Furnace
47:41 Plate Barding Armor
47:20 Murder Holes
47:40 Bracer
EduAguirre
11:21 Feudal Age
13:33 Loom
16:27 Castle Age
18:08 Double-Bit Axe
22:01 Imperial Age
20:43 Horse Collar
20:57 Gold Mining
21:12 Padded Archer Armor
28:07 Leather Archer Armor
29:21 Heavy Plow
29:08 Town Watch
31:12 Devotion
32:17 Ring Archer Armor
32:07 Bow Saw
32:38 Wheelbarrow
32:00 Stone Mining
33:11 Scale Barding Armor
33:17 Forging
34:11 Bloodlines
34:02 Husbandry
36:07 Iron Casting
35:53 Chain Barding Armor
36:54 Two-Man Saw
36:17 Hand Cart
36:04 Town Patrol
38:29 Plate Barding Armor
38:55 Blast Furnace
38:25 Ballistics
38:17 Masonry
38:38 Fletching
41:11 Conscription
41:56 Artillery
42:33 Hoardings
42:35 Architecture
43:15 Bodkin Arrow
43:13 Heavy Camel Rider
45:57 Murder Holes
Connection lost

Rejoining the realm…

Still unreachable

The connection could not be restored.

Session expired

The server has moved on; the page needs a fresh start.